 Dungeon Crawl Stone Soup version 0.18-a0-659-gb9673d2 (webtiles) character file.

190 George the Conjurer (level 5, -2/31 HPs)
             Began as a High Elf Wizard on Dec 5, 2015.
             Killed by nerve-wracking pain
             ... invoked by a shadow imp
              (14 damage)
             ... on level 5 of the Dungeon.
             The game lasted 00:07:21 (2535 turns).

George the Conjurer (High Elf Wizard)               Turns: 2535, Time: 00:07:21

Health: -2/31      AC:  5    Str:  6    XL:     5   Next: 41%
Magic:  7/11       EV: 12    Int: 23    God:
Gold:   91         SH:  0    Dex: 13    Spells: 3 memorised, 4 levels left

rFire  . . .     SeeInvis .     t - +0 short sword
rCold  . . .     Clarity  .     a - +0 robe
rNeg   . . .     SustAt   .     (no shield)
rPois  .         Gourm    .     b - +0 hat
rElec  .         Spirit   .     q - +2 cloak
rCorr  .         Dismiss  .     (no gloves)
rMut   .         Stasis   .     (no boots)
MR     .....                    (no amulet)
Stlth  ++........               (no ring)
                                (no ring)

@: not resistant to hostile enchantments, unstealthy
A: no striking features
a: no special abilities


You were on level 5 of the Dungeon.
You were hungry.

You visited 1 branch of the dungeon, and saw 4 of its levels.

You collected 91 gold pieces.

Inventory:

Hand Weapons
 t - a +0 short sword (weapon)
Armour
 a - a +0 robe (worn)
 b - a +0 hat (worn)
 q - a +2 cloak (worn)
Scrolls
 e - 2 scrolls of remove curse
 n - a scroll of identify {unknown}
 p - a scroll of amnesia {unknown}
 v - a scroll of random uselessness {unknown}
Potions
 f - 2 potions of lignification {unknown}
 k - a potion of brilliance {unknown}
 o - a potion of curing {unknown}
 r - a potion of degeneration {unknown}
 w - a potion of heal wounds {unknown}
Books
 c - a book of Minor Magic

   Spells                             Type                      Level
   a - Magic Dart                     Conjuration                  1
   b - Blink                          Translocation                2
   c - Call Imp                       Summoning                    2
   d - Repel Missiles                 Charms/Air                   2
   e - Slow                           Hexes                        2
   f - Conjure Flame                  Conjuration/Fire             3
   g - Mephitic Cloud                 Conjuration/Poison/Air       3
Comestibles
 d - 2 bread rations
 l - a meat ration
 s - a beef jerky


   Skills:
 - Level 2.1 Dodging
 - Level 2.1 Stealth
 - Level 3.6 Spellcasting
 + Level 5.9 Conjurations
   Level 0.8 Summonings
   Level 1.1 Translocations
 + Level 0.0 Fire Magic
 + Level 0.0 Air Magic


You had 4 spell levels left.
You knew the following spells:

 Your Spells              Type           Power        Failure   Level  Hunger
a - Magic Dart            Conj           ####         1%          1    None
b - Conjure Flame         Conj/Fire      ###.....     12%         3    ###....
c - Mephitic Cloud        Conj/Pois/Air  ##......     17%         3    ###....


Dungeon Overview and Level Annotations

Branches:
Dungeon (3/15)

Altars:
Xom


Message History

The shadow imp is heavily wounded.
The shadow imp gestures at you. Pain shoots through your body!
Casting: Magic Dart
Confirm with . or Enter, or press ? or * to list all spells.
Aiming: Magic Dart
Press: ? - help, Shift-Dir - straight line, f/p - shadow imp
Aim: a shadow imp (heavily wounded)
The magic dart hits the shadow imp.
The shadow imp is heavily wounded.
Casting: Magic Dart
Confirm with . or Enter, or press ? or * to list all spells.
Aiming: Magic Dart
Press: ? - help, Shift-Dir - straight line, f/p - shadow imp
Aim: a shadow imp (heavily wounded)
The magic dart hits the shadow imp.
The shadow imp is severely wounded.
The shadow imp gestures at you. Pain shoots through your body!
You die...

#......# ..
#>.....# #.
#......# ..
#(.....# #.
#(#.##.# # #5
#.#.##.# #.##.#.
#.)....#
#......####.######
#.@.........#
#.#.....###.#
#.......#
#............
###.......###
#.#.......
#.......###
#####...#


You could see a shadow imp.

Vanquished Creatures
  A centaur (D:5)
  A worker ant (D:5)
  A gnoll (D:1)
  4 adders (D:2)
  An ooze (D:2)
  2 worms (D:2)
  A giant gecko (D:1)
  3 giant cockroaches
  5 hobgoblins
  4 jackals (D:2)
  4 bats (D:2)
  5 giant newts
  2 goblins
  5 kobolds
  5 rats
44 creatures vanquished.

Notes
Turn   | Place    | Note
--------------------------------------------------------------
     0 | D:1      | George the High Elf Wizard began the quest for the Orb.
     0 | D:1      | Reached XP level 1. HP: 11/11 MP: 6/6
   363 | D:1      | Reached XP level 2. HP: 17/17 MP: 1/7
   949 | D:2      | Reached XP level 3. HP: 21/21 MP: 0/9
  1437 | D:2      | Reached skill level 4 in Conjurations
  1755 | D:2      | Reached XP level 4. HP: 27/27 MP: 8/10
  1773 | D:2      | Found a shimmering altar of Xom.
  1943 | D:2      | Found a shimmering altar of Xom.
  1943 | D:2      | Found a shimmering altar of Xom.
  1944 | D:2      | Found a shimmering altar of Xom.
  1944 | D:2      | Found a shimmering altar of Xom.
  1945 | D:2      | You fall through a shaft!
  2179 | D:2      | Found a shimmering altar of Xom.
  2269 | D:3      | You fall through a shaft for 2 floors!
  2269 | D:5      | Entered Level 5 of the Dungeon
  2270 | D:5      | Noticed a centaur
  2286 | D:5      | Killed a centaur
  2286 | D:5      | Reached skill level 5 in Conjurations
  2286 | D:5      | Reached XP level 5. HP: 8/31 MP: 4/11
  2522 | D:5      | Learned a level 3 spell: Conjure Flame
  2526 | D:5      | Learned a level 3 spell: Mephitic Cloud
  2535 | D:5      | Killed from afar by a shadow imp

Vault maps used:
D:1:      lemuel_arrival_tunnels
D:2:      serial_bayou_pond_c, xom_redecorated
D:3:      first_bread, uniq_sigmund

Action                   |  1- 3 |  4- 6 || total
-------------------------+-------+-------++-------
Melee: Dagger            |    15 |       ||    15
       Short sword       |       |     2 ||     2
 Cast: Magic Dart        |    73 |    42 ||   115
  Use: Scroll            |       |     2 ||     2
  Eat: Chunk             |     1 |     3 ||     4
